 Dungeon Crawl Stone Soup version 0.31-a0-986-g5e6e4ef867 (webtiles) character file.

Game seed: 17748594779659942325

10 LeprechaunX the Changeling (level 2, 0/18 HPs)
             Began as an Octopode Shapeshifter on Nov 8, 2023.
             Slain by a jackal (1 damage)
             ... on level 1 of the Dungeon.
             The game lasted 00:00:27 (481 turns).

LeprechaunX the Changeling (Octopode Shapeshifter)   Turns: 481, Time: 00:00:27

Health: 0/18       AC:  1    Str: 13    XL:     2   Next: 20%
Magic:  2/2        EV: 13    Int: 12    God:
Gold:   29         SH:  0    Dex: 11    Spells: 1/1 levels left

rFire   . .          .
                       - Unarmed
rCold   . . .        (no shield)
rNeg    . . .        (helmet currently unavailable)
rPois   .            (no amulet)
rElec   .            (no ring)
rCorr   .            (no ring)
SInv    .            (no ring)
Will    .....        (no ring)
Stlth   ++           (no ring)
HPRegen 0.23/turn    (no ring)
MPRegen 0.08/turn    (no ring)
                     (no ring)

%: no passive effects
@: beast-form
A: beast (slay +1), almost no armour, amphibious, 8 rings, camouflage 1,
gelatinous body 1, (nimble swimmer 1), tentacles
a: Begin Untransformation


You were on level 1 of the Dungeon.
You were a hulking beast.
You visited 1 branch of the dungeon, and saw 1 of its levels.

You collected 29 gold pieces.

Inventory:

Jewellery
 d - a +4 ring of slaying
Talismans
 b - a beast talisman
 c - a flux talisman
Scrolls
 e - a scroll of revelation {unknown}
Potions
 a - a potion of lignification
 f - a potion of cancellation {unknown}


   Skills:
 + Level 1.3 Fighting
 - Level 2.0 Dodging
 + Level 3.1 Unarmed Combat
 * Level 3.2 Shapeshifting


You had one spell level left.
You didn't know any spells.
Your spell library was empty.

Dungeon Overview and Level Annotations

Branches:
Dungeon (1/15)

Altars:


Innate Abilities, Weirdness & Mutations

You are a hulking beast.
Your limbs bulge with bestial killing power. (Slay +1)
You cannot wear most types of armour.
You are amphibious.
You can wear up to eight rings at the same time.
Your skin changes colour to match your surroundings (Stealth+).
Your rubbery body absorbs attacks. (AC +1, EV +1)
((You are camouflaged when in or above water. (Stealth+)))
You have tentacles for arms and can constrict up to eight enemies at once.


Message History

You tentacle-slap the bush but do no damage.
You squeeze the bush!
The bush is moderately damaged.
The jackal misses you. x2; The jackal closely misses you.
The jackal bites the bush but does no damage.
You tentacle-slap the bush but do no damage.
You squeeze the bush, but do no damage.
The bush is moderately damaged.
The endoplasm hits the bush but does no damage.
The jackal bites you. x2
The jackal bites the bush but does no damage.
You tentacle-slap the jackal. Your grab misses the jackal.
The jackal is moderately wounded.
The jackal bites you. The jackal misses you.
The endoplasm completely misses the bush.
The jackal bites the bush.
The jackal misses you.
You completely miss the jackal. Your grab misses the jackal.
Your squeeze misses the jackal.
The jackal is moderately wounded.
The jackal barely misses you.
The endoplasm hits the bush but does no damage.
The kobold hits the bush but does no damage.
The jackal bites you. The jackal barely misses you.
The endoplasm hits the bush but does no damage.
The jackal bites the bush but does no damage.
The jackal attacks as it pursues you! The jackal bites you.
The jackal bites you but does no damage.
The endoplasm hits the bush but does no damage.
The jackal bites you.
* * * LOW HITPOINT WARNING * * *
Something hits the bush but does no damage.
The jackal bites you.
* * * LOW HITPOINT WARNING * * *
You tentacle-slap the jackal. Your grab misses the jackal.
Your squeeze misses the jackal.
The jackal is heavily wounded.
Something hits the bush but does no damage.
The jackal bites you.
You die... ## ## # ## . .# #. ###.
P♣.# ...####..P ♣..# .......P♣♣.# #...♣♣♣...### #..P♣hhh....# ♣.K♣.###.# #P♣ ♣P ......P.Ph## #.# #.PPPP

#+##P..J### ##.###
#..P.. #..## #....#
#.#..# ...# ###..#.#
#.##.# ...# ##.#..#.#
#.##.. ....
####.......#####.#...
....
+...........)........


You could see 3 jackals and a kobold.

Vanquished Creatures
  A bat (D:1)
  3 endoplasms (D:1)
  2 goblins (D:1)
  A ball python (D:1)
  A frilled lizard (D:1)
  2 rats (D:1)
10 creatures vanquished.

Notes
Turn   | Place    | Note
-------+----------+-------------------------------------------
     0 | D:1      | LeprechaunX the Octopode Shapeshifter began the quest for
                  | the Orb.
     0 | D:1      | Reached XP level 1. HP: 13/13 MP: 1/1
   239 | D:1      | Reached XP level 2. HP: 17/18 MP: 2/2
   427 | D:1      | Found a faded altar of an unknown god.
   481 | D:1      | Slain by a jackal

Illustrated notes

Levels and vault maps discovered:
D:1:      matt_arrival_spirals, layout_loops_corners,
          shapermc_ecumenical_altar_gd, serial_forest, infiniplex_forest_end_3,
          infiniplex_forest_clump_tiny, infiniplex_forest_clump_diagonal,
          infiniplex_forest_clump_small, infiniplex_forest_lined_3

Action                     || total
---------------------------++-------
  Melee: Unarmed           ||    25
         Tentacles         ||     8
         Constrict         ||     5
         Punch             ||     2
 Armour: Skin              ||    14
  Dodge: Dodged            ||    15

Table legend: (Time is in decaauts)
 A = Elapsed time spent in this place.
 B = Non-inter-level travel time spent in this place.
 C = Inter-level travel time spent in this place.
 D = Time resting spent in this place.
 E = Time spent auto-exploring this place.
 F = Levels seen in this place.
 G = Mean time per level.
                   A        B        C        D        E       F      G
               +--------+--------+--------+--------+--------+-----+--------+
         Total |    479 |    479 |      0 |      0 |    408 |   1 |  479.0 |
       Dungeon |    479 |    479 |      0 |      0 |    408 |   1 |  479.0 |
               +--------+--------+--------+--------+--------+-----+--------+

Top non-repeatable levels by time:
     D:1: 479 daAuts
